 Dungeon Crawl Stone Soup version 0.31-a0-859-g9dce7d3444 (webtiles) character file.

Game seed: 3857871185837257787

259258 drugrobin the Tortoise (level 18, -3/163 HPs)
             Began as a Demigod Delver on Oct 9, 2023.
             Slain by a +2 long sword of freezing (5 damage)
             ... animated by Zenata
             ... on level 14 of the Dungeon on Oct 10, 2023.
             The game lasted 02:29:10 (45778 turns).

drugrobin the Tortoise (Demigod Delver)            Turns: 45778, Time: 02:29:11

Health: -3/163     AC: 35    Str: 29    XL:     18   Next: 44%
Magic:  28/28      EV:  7    Int: 27    God:
Gold:   2727       SH: 16    Dex: 15    Spells: 16/25 levels left

rFire   + + .        a - +2 demon whip (venom)
rCold   + + .        V - +5 Storm Queen's Shield {shock, Fly rElec}
rNeg    . . .        o - +2 gold dragon scales
rPois   +            d - +2 helmet {Int+3}
rElec   +            j - +0 cloak
rCorr   +            s - +3 pair of gauntlets of War {Slay+5}
SInv    .            e - +0 pair of boots of the Leaping Gods {rCorr Str+4}
Will    +....        L - amulet of regeneration Stlth
                     G - ring "Sabonn" {rF+ Slay+5}
HPRegen 1.27/turn    T - ring of protection from cold
MPRegen 0.21/turn

%: no passive effects
@: flying
A: high MP 1, forlorn, divine attributes
}: 2/15 runes: barnacled, gossamer
a: no special abilities


You were on level 14 of the Dungeon.
You visited 6 branches of the dungeon, and saw 31 of its levels.
You also visited: Ice Cave.

You collected 4044 gold pieces.
You spent 1317 gold pieces at shops.

Inventory:

Hand Weapons
 a - a +2 demon whip of venom (weapon)
 b - a +2 sling of freezing
 y - a +1 morningstar of protection
 M - the +3 war axe of Equivalence {flame, rC+ rCorr MP+9 Int-2}
   (You found it on level 4 of the Dungeon)

   Int-2:     It affects your intelligence (-2).
   rC+:       It protects you from cold.
   MP+9:      It affects your magic capacity (+9).
   rCorr:     It protects you from acid and corrosion.
Missiles
 h - 11 javelins (quivered)
 I - a throwing net
 J - 4 curare-tipped darts
Armour
 d - a +2 helmet of intelligence (worn)
 e - the +0 pair of boots of the Leaping Gods (worn) {rCorr Str+4}
   (You found it on level 4 of the Spider Nest)

   Str+4:     It affects your strength (+4).
   rCorr:     It protects you from acid and corrosion.
 j - a +0 cloak (worn)
 o - +2 gold dragon scales (worn)
 s - the +3 pair of gauntlets of War (worn) {Slay+5}
   (You found it on level 1 of the Lair of Beasts)

   Slay+5:    It affects your accuracy & damage with ranged weapons and melee
   (+5).
 V - the +5 Storm Queen's Shield (worn) {shock, Fly rElec}
   (You found it on level 15 of the Dungeon)

   Shock:     When it blocks an attack, it may electrocute the attacker.
   This works even against foes who are a short distance away.
   rElec:     It insulates you from electricity.
   Fly:       It grants you flight.
 X - a +1 buckler of fire resistance
Jewellery
 i - a ring of resist corrosion
 C - a ring of see invisible
 G - the ring "Sabonn" (left hand) {rF+ Slay+5}
   (You acquired it on level 4 of the Lair of Beasts)

   [ring of protection from fire]

   Slay+5:    It affects your accuracy & damage with ranged weapons and melee
   (+5).
   rF+:       It protects you from fire.
 K - a ring of willpower
 L - an amulet of regeneration (around neck)
 T - a ring of protection from cold (right hand)
Wands
 g - a wand of roots (20)
 q - a wand of digging (16)
 w - a wand of polymorph (10)
 N - a wand of paralysis (17)
 P - a wand of flame (35)
 W - a wand of mindburst (24)
Scrolls
 k - 2 scrolls of blinking
 m - 2 scrolls of butterflies
 n - 4 scrolls of revelation
 p - 6 scrolls of fog
 v - 7 scrolls of immolation
 x - 3 scrolls of poison
 A - 7 scrolls of vulnerability
 E - 15 scrolls of identify
 F - 6 scrolls of teleportation
 H - 4 scrolls of fear
 R - a scroll of silence
Potions
 f - 10 potions of haste
 r - 2 potions of might
 t - 4 potions of mutation
 u - 3 potions of cancellation
 z - 6 potions of heal wounds
 B - 3 potions of resistance
 D - a potion of attraction
 O - 8 potions of curing
 Q - a potion of invisibility
 S - 3 potions of ambrosia
 Y - 2 potions of berserk rage
 Z - a potion of lignification
Miscellaneous
 c - a phial of floods
 l - a phantom mirror


   Skills:
 - Level 15.0 Fighting
 - Level 16.0 Maces & Flails
 * Level 17.7 Armour
 - Level 1.7 Dodging
 - Level 4.5 Stealth
 + Level 10.0 Shields
 - Level 4.0 Spellcasting
 - Level 8.0 Evocations
 + Level 11.2 Shapeshifting


You had 16 spell levels left.
You knew the following spells:

 Your Spells              Type           Power      Damage    Failure   Level
a - Frozen Ramparts       Ice            10%        1d2       99%         3
b - Swiftness             Air            5%         N/A       99%         3
c - Call Canine Familiar  Summ           5%         N/A       99%         3

Your spell library contained the following spells:

 Spells                   Type           Power      Damage    Failure   Level
 Freeze                   Ice            20%        1d4       86%         1
 Ensorcelled Hibernation  Hex/Ice        10%        N/A       95%         2
 Passwall                 Tmut/Erth      4%         N/A       95%         2
 Sublimation of Blood     Necr           5%         N/A       95%         2
 Hailstorm                Conj/Ice       5%         3d4       99%         3
 Ignite Poison            Fire/Tmut/Pois 5%         N/A       99%         3
 Ozocubu's Armour         Ice            5%         N/A       99%         3
 Sigil of Binding         Hex            5%         N/A       99%         3
 Tukima's Dance           Hex            5%         N/A       99%         3
 Volatile Blastmotes      Fire/Tloc      10%        2d10      99%         3
 Dimensional Bullseye     Hex/Tloc       2%         N/A       100%        4
 Fulminant Prism          Conj/Hex       2%         3d5       100%        4
 Iskenderun's Mystic Bla  Conj/Tloc      5%         2d3       100%        4
 Leda's Liquefaction      Hex/Erth       2%         N/A       100%        4
 Passage of Golubria      Tloc           5%         N/A       100%        4
 Petrify                  Tmut/Erth      5%         N/A       100%        4
 Alistair's Intoxication  Tmut/Pois      3%         N/A       100%        5
 Borgnjor's Vile Clutch   Necr/Erth      2%         N/A       100%        5
 Irradiate                Conj/Tmut      2%         3d12      100%        5
 Yara's Violent Unravell  Hex/Tmut       2%         3d3       100%        5
 Eringya's Noxious Bog    Tmut/Pois      2%         4d6       100%        6
 Simulacrum               Ice/Necr       2%         N/A       100%        6


Dungeon Overview and Level Annotations

Branches:
Dungeon (15/15)            Temple (0/1) D:6            Lair (5/5) D:9
 Shoals (4/4) Lair:2       Spider (4/4) Lair:3        Slime (0/5) Lair:4
    Orc (2/2) D:10            Elf (0/3) Orc:2        Vaults (1/5) D:14
 Depths (0/4) D:15          IceCv (visited)

Shops:
D:3 (   D:8 (![*   Orc:2 [[==

Annotations:
D:3 exclusion: water moccasin
D:4 1 runed translucent door, Kurtz's ghost, amateur NaDe
D:11 Psyche
D:12 3 runed translucent doors, relicbr's ghost, journeyman KoFi
D:14 Roxanne; Zenata
D:15 3 runed translucent doors, Bosh's ghost, journeyman HOFi


Innate Abilities, Weirdness & Mutations

You have an increased reservoir of magic. (+10% MP)
You shall have no god before yourself.
Your divine heritage dramatically boosts your attributes as you level up.


Message History

Zenata is no longer moving slowly.
The +2 halberd of freezing hits you but does no damage.
You block the +2 long sword of freezing's attack.
The +2 battleaxe of flaming hits you but does no damage.
Zenata casts a spell at you.
A blast of power from the earth and the adjacent constructs strikes you!
* * * LOW HITPOINT WARNING * * *
Zenata struggles against the net.
The net rips apart, and Zenata comes free!
You block the +2 halberd of freezing's attack.
Your shield discharges, shocking the +2 halberd of freezing!
The +2 halberd of freezing completely resists.
Unknown command.
Unknown command.
Unknown command.
Unknown command.
Unknown command.
Unknown command.
You hit Zenata.
Zenata looks as sick as possible!
Zenata is severely wounded.
The +2 long sword of freezing hits you but does no damage.
You block the +2 battleaxe of flaming's attack.
The +2 halberd of freezing hits you!
* * * LOW HITPOINT WARNING * * *
The +2 halberd of freezing freezes you.
* * * LOW HITPOINT WARNING * * *
Unknown command.
Unknown command.
Unknown command.
You whack Zenata!
Zenata looks as sick as possible!
Zenata is almost dead.
The +2 long sword of freezing hits you!
* * * LOW HITPOINT WARNING * * *
You block the +2 battleaxe of flaming's attack.
The +2 halberd of freezing hits you!!
* * * LOW HITPOINT WARNING * * *
The +2 halberd of freezing freezes you.
* * * LOW HITPOINT WARNING * * *
The +2 long sword of freezing hits you.
You die...

.#.....##...# #...# #...##.......
.#####'##...# #...# #...##.......
.......###[####.#.####[###.......
.......##...............##.......
.......##...............##.......
..#######[..............##.......
.......#########(#########.......
.......# #a[(# #....... ########
#[@(# ######## #⌠(⌠# #####


You could see Zenata (extremely poisoned) and 3 dancing weapons.

Vanquished Creatures
  Nikola (Spider:4)
  Arachne (Spider:4)
  Polyphemus (Shoals:4)
  2 krakens
  Kirke (D:14)
  9 emperor scorpions
  2 frost giants
  5 ghost moths
  An orc warlord (Orc:2)
  A formless jellyfish (Shoals:4)
  2 ironbound preservers
  2 ironbound thunderhulks (D:14)
  3 broodmothers
  6 spark wasps
  4 dire elephants (Vaults:1)
  A crystal guardian (Vaults:1)
  An ettin (D:15)
  12 merfolk impalers
  A fire dragon (Lair:5)
  5 merfolk javelineers
  5 entropy weavers
  A yaktaur captain (D:15)
  4 vault guards (D:14)
  Erolcha (Orc:2)
  An ice dragon (Shoals:3)
  6 hydras
  2 ogre magi
  5 merfolk avatars
  2 jorogumos (Spider:3)
  A peacekeeper (D:14)
  A catoblepas (Shoals:4)
  2 alligator snapping turtles
  2 radroaches
  9 boulder beetles
  7 centaur warriors
  12 two-headed ogres
  2 merfolk aquamancers
  3 tengu warriors
  A satyr (Shoals:4)
  8 demonic crawlers
  Urug (D:10)
  4 orc high priests (Orc:2)
  11 death yaks
  5 skysharks
  Amaemon (Lair:1)
  A fire crab (Shoals:2)
  5 pharaoh ants
  A sun moth (Spider:3)
  8 orb spiders
  8 sea snakes
  A flayed ghost (D:15)
  7 deep trolls
  2 lindwurms (Lair:5)
  A kraken simulacrum (Shoals:4)
  25 harpies
  A wizard (D:15)
  4 orc knights
  3 deep elf pyromancers
  10 steelbarb worms
  A deep elf zephyrmancer (D:15)
  A necromancer (D:15)
  5 ugly things
  8 orc sorcerers
  5 cyclopes
  23 wolf spiders
  17 fauns
  14 manticores
  2 oklob plants (Lair:1)
  18 elephants
  An ice statue (IceCv)
  10 merfolk sirens
  A moth of wrath (Spider:4)
  2 centaur zombies (D:15)
  3 naga magi (D:15)
  An orange demon (Lair:1)
  4 water nymphs
  3 black mambas
  2 centaur skeletons (D:15)
  11 torpor snails
  3 gargoyles
  6 cane toads
  4 unseen horrors
  11 rime drakes
  A kobold demonologist (D:10)
  Jeremiah (D:8)
  A tengu conjurer (D:14)
  14 komodo dragons
  28 merfolk
  14 polar bears
  A tarantella (shapeshifter) (D:14)
  3 meliai (Spider:4)
  7 trolls
  23 tarantellas
  3 tyrant leeches (Lair:5)
  2 raiju (Lair:5)
  A wolf spider simulacrum (D:14)
  33 blink frogs
  3 wind drakes
  7 hornets
  16 dream sheep
  7 snapping turtles
  4 slime creatures (D:15)
  29 jumping spiders
  42 yaks
  A shadow (D:11)
  3 wraiths
  20 culicivoras
  4 wyverns
  3 water elementals
  2 fire bats (Shoals:2)
  A steam dragon (D:7)
  A human (D:14)
  A death yak simulacrum (D:12)
  54 redbacks
  3 hogs (D:14)
  4 basilisks
  9 vampire mosquitoes
  7 wargs
  2 acid dragons
  15 hell hounds (Lair:5)
  11 water moccasins
  An ice beast (D:5)
  A sky beast (D:6)
  12 black bears
  58 wolves
  48 orc warriors
  18 ogres
  3 centaurs
  A phantom (D:7)
  3 kobold brigands (D:10)
  14 bullfrogs
  4 scorpions
  A scorpion (shapeshifter) (D:15)
  A two-headed ogre simulacrum (D:12)
  2 cane toad simulacra (D:12)
  6 wights (D:8)
  5 howler monkeys
  2 electric eels
  A crimson imp (D:5)
  5 hounds
  A gnoll bouda (D:5)
  31 orc priests
  8 jellies
  Jessica (D:3)
  3 iguanas
  Terence (D:3)
  22 orc wizards
  A spriggan simulacrum (D:12)
  3 troll simulacra (D:12)
  7 adders
  9 gnolls
  A shadow imp (D:8)
  3 white imps
  An ufetubus (D:6)
  A worm (shapeshifter) (D:14)
  A worm (D:3)
  A dart slug (D:1)
  94 orcs
  4 endoplasms
  2 giant cockroaches
  9 goblins
  2 hobgoblins
  2 jackals (D:1)
  6 kobolds
  A quokka (D:1)
  7 ball pythons
  9 bats
  9 frilled lizards
  13 rats
  4 tentacles
1215 creatures vanquished.

Vanquished Creatures (collateral kills)
  Maggie (Lair:1)
  A shadow (D:9)
  A bullfrog (D:9)
  A gnoll bouda (D:10)
  A gnoll (D:10)
  An orc (D:9)
6 creatures vanquished.

Vanquished Creatures (others)
  A redback (Spider:3)
  A gnoll (D:10)
  21 tentacles
23 creatures vanquished.

Grand Total: 1244 creatures vanquished

Notes
Turn   | Place    | Note
-------+----------+-------------------------------------------
     0 | D:5      | drugrobin the Demigod Delver began the quest for the Orb.
     0 | D:5      | Reached XP level 1. HP: 18/18 MP: 3/3
    93 | D:5      | Noticed a scorpion
   125 | D:5      | Noticed an iguana
   132 | D:5      | Noticed a crimson imp
   133 | D:5      | Noticed an ice beast
   262 | D:4      | Found a runed translucent door.
   262 | D:4      | Noticed Kurtz's ghost (amateur NaDe)
   291 | D:3      | Noticed Terence
   300 | D:4      | Noticed an orc wizard
   326 | D:3      | Killed Terence
   327 | D:3      | Reached XP level 2. HP: 11/25 MP: 4/4
   449 | D:3      | Reached XP level 3. HP: 30/30 MP: 5/5
   743 | D:3      | Noticed Jessica
   829 | D:3      | Found Sacaq's Antique Weapon Shoppe.
   840 | D:3      | Noticed a water moccasin
  1894 | D:1      | Reached XP level 4. HP: 37/37 MP: 6/6
  3242 | D:3      | Killed Jessica
  3317 | D:4      | Reached skill level 5 in Maces & Flails
  3317 | D:4      | Reached XP level 5. HP: 42/42 MP: 7/7
  3426 | D:4      | Identified the +3 war axe of Equivalence {flame, rC+ rCorr
                  | MP+9 Int-2}
  3746 | D:4      | Reached XP level 6. HP: 50/50 MP: 7/8
  3918 | D:4      | Noticed a +0 dagger
  3919 | D:4      | Noticed a +0 hand axe
  5283 | D:5      | Reached XP level 7. HP: 19/56 MP: 8/9
  6787 | D:6      | Reached XP level 8. HP: 5/62 MP: 10/10
  6789 | D:6      | HP: 3/62 [poisoned by a water moccasin]
  7015 | D:6      | Found a staircase to the Ecumenical Temple.
  7724 | D:7      | Reached skill level 1 in Evocations
  7834 | D:7      | Got a faded book
  7917 | D:7      | Identified a scroll of acquirement
  7992 | D:7      | Reached skill level 10 in Maces & Flails
  8521 | D:8      | Found Urpholic's General Store.
  8672 | D:8      | Bought a scroll of identify for 26 gold pieces
  8672 | D:8      | Bought a wand of flame (7) for 63 gold pieces
  8701 | D:8      | Found Temosama's Distillery.
  8709 | D:8      | Bought a potion of curing for 42 gold pieces
  8709 | D:8      | Bought a potion of degeneration for 14 gold pieces
  8709 | D:8      | Bought a potion of might for 56 gold pieces
  8709 | D:8      | Bought a potion of invisibility for 112 gold pieces
  8709 | D:8      | Bought a potion of cancellation for 112 gold pieces
  8801 | D:8      | Acquired 684 gold pieces
  8870 | D:8      | Found Boig's Weapon Boutique.
  8893 | D:8      | Noticed Jeremiah
  8914 | D:8      | Killed Jeremiah
  8984 | D:8      | Noticed a two-headed ogre
  9014 | D:8      | Killed a two-headed ogre
  9015 | D:8      | Reached XP level 9. HP: 68/68 MP: 11/11
  9355 | D:8      | Found Lavuq's Antique Armour Boutique.
  9432 | D:8      | Bought a runed helmet for 232 gold pieces
  9570 | D:8      | Identified the +5 ring mail of Daffodils {rElec}
 10292 | D:9      | Found a staircase to the Lair.
 10441 | D:9      | Noticed a gargoyle
 10627 | D:9      | Killed a gargoyle
 10628 | D:9      | Reached XP level 10. HP: 18/74 MP: 13/13
 10958 | D:10     | Entered Level 10 of the Dungeon
 10981 | D:10     | Noticed a boulder beetle
 11291 | D:10     | Noticed Urug
 11307 | D:10     | Killed Urug
 11788 | D:10     | Noticed a two-headed ogre
 11810 | D:10     | Killed a two-headed ogre
 12417 | D:11     | Noticed a tengu warrior
 12454 | D:10     | Found a staircase to the Orcish Mines.
 12757 | D:10     | Killed a boulder beetle
 12758 | D:10     | Reached skill level 15 in Maces & Flails
 13139 | D:11     | Reached XP level 11. HP: 46/81 MP: 14/14
 13560 | D:11     | Noticed Psyche
 13740 | D:11     | Noticed a boulder beetle
 13867 | Lair:1   | Entered Level 1 of the Lair of Beasts
 14221 | Lair:1   | Found the +3 pair of gauntlets of War {Slay+5}
 14960 | Lair:1   | Noticed Amaemon
 14975 | Lair:1   | Killed Maggie
 15007 | Lair:1   | Killed Amaemon
 15008 | Lair:1   | Reached skill level 5 in Fighting
 15623 | Lair:1   | Reached skill level 1 in Spellcasting
 16724 | Lair:2   | Noticed a boulder beetle
 16747 | Lair:2   | Killed a boulder beetle
 16860 | Lair:2   | Noticed a harpy
 16874 | Lair:2   | Killed a harpy
 16933 | Lair:2   | Noticed a harpy
 16938 | Lair:2   | Found a staircase to the Shoals.
 16949 | Lair:2   | Killed a harpy
 17042 | Lair:2   | Reached XP level 12. HP: 101/101 MP: 21/21
 17066 | Lair:2   | Learned a level 3 spell: Frozen Ramparts
 17070 | Lair:2   | Learned a level 3 spell: Swiftness
 17591 | Lair:2   | Noticed a boulder beetle
 17615 | Lair:2   | Killed a boulder beetle
 17861 | Lair:2   | Noticed a boulder beetle
 17883 | Lair:2   | Killed a boulder beetle
 18037 | Lair:2   | Reached skill level 10 in Fighting
 18956 | Lair:3   | Found a hole to the Spider Nest.
 19893 | Lair:4   | Noticed a four-headed hydra
 19903 | Lair:4   | Killed a one-headed hydra
 19961 | Lair:4   | Noticed a five-headed hydra
 19984 | Lair:4   | Killed a one-headed hydra
 20111 | Lair:4   | Reached XP level 13. HP: 110/119 MP: 19/22
 20805 | Lair:3   | Reached skill level 5 in Evocations
 21168 | Lair:4   | Acquired the ring "Sabonn" {rF+ Slay+5}
 21372 | Lair:4   | Found a staircase to the Slime Pits.
 21507 | Lair:5   | Entered Level 5 of the Lair of Beasts
 21954 | Lair:5   | HP: 2/123 [komodo dragon (22)]
 23659 | Lair:5   | Reached XP level 14. HP: 125/133 MP: 21/24
 23768 | Lair:5   | Identified the +0 chain mail of a bazaar {Int+3}
 23918 | Lair:5   | Reached skill level 15 in Fighting
 24179 | Lair:5   | Reached skill level 1 in Armour
 24233 | Lair:5   | Found a runed translucent door.
 24272 | Lair:5   | Reached skill level 2 in Armour
 24319 | Lair:5   | Reached skill level 3 in Armour
 24572 | Lair:5   | Reached skill level 4 in Armour
 24829 | Lair:5   | Reached skill level 5 in Armour
 25855 | D:12     | Reached skill level 6 in Armour
 25936 | D:12     | Reached skill level 1 in Shapeshifting
 25967 | D:12     | Found a runed translucent gate.
 25968 | D:12     | Found a runed translucent gate.
 25969 | D:12     | Found a runed translucent gate.
 25970 | D:12     | Noticed relicbr's ghost (journeyman KoFi)
 26010 | D:12     | Found a frozen archway.
 26038 | IceCv    | Entered an ice cave
 26400 | IceCv    | Noticed a frost giant
 26422 | IceCv    | Killed a frost giant
 26423 | IceCv    | Reached skill level 7 in Armour
 26717 | IceCv    | Identified the +1 pair of gloves "Cijab" {Will+}
 27406 | D:12     | Reached skill level 8 in Armour
 27935 | D:13     | Identified the +3 leather armour of Tear {rPois Will+}
 28588 | D:14     | Noticed Roxanne
 28940 | D:14     | Found a gate to the Vaults.
 28950 | D:14     | Reached skill level 9 in Armour
 29183 | D:14     | Noticed Nessos
 29184 | D:14     | Nessos changed into Nessos the acid dragon
 29184 | D:14     | Noticed Nessos
 29199 | D:14     | Killed Nessos the acid dragon
 29237 | D:14     | Noticed Kirke
 29354 | D:14     | Killed Kirke
 29355 | D:14     | Reached XP level 15. HP: 141/141 MP: 25/25
 29465 | D:14     | Learned a level 3 spell: Call Canine Familiar
 29994 | D:15     | Entered Level 15 of the Dungeon
 30105 | Orc:1    | Entered Level 1 of the Orcish Mines
 30306 | Orc:2    | Entered Level 2 of the Orcish Mines
 30836 | Orc:1    | You fall into a shaft and drop 1 floor!
 30843 | Orc:2    | Reached skill level 5 in Shapeshifting
 30964 | Orc:2    | Reached skill level 10 in Armour
 31414 | Orc:2    | Found Roreim's Jewellery Shop.
 31422 | Orc:2    | Bought an amulet of regeneration for 420 gold pieces
 31495 | Orc:2    | Found Poidiwim's Jewellery Shoppe.
 31504 | Orc:2    | Bought a ring of poison resistance for 240 gold pieces
 32040 | Orc:2    | Reached skill level 11 in Armour
 32073 | Orc:2    | Found Enodghi's Antique Armour Emporium.
 32084 | Orc:2    | Found Sarajues's Antique Armour Shoppe.
 32683 | Orc:2    | Noticed Erolcha
 32693 | Orc:2    | Killed Erolcha
 32892 | Orc:2    | Found a staircase to the Elven Halls.
 33375 | D:15     | Found a runed translucent door.
 33378 | D:15     | Found the +5 Storm Queen's Shield {shock, Fly rElec}
 33631 | D:15     | Found a runed translucent gate.
 33631 | D:15     | Found a runed translucent gate.
 33631 | D:15     | Found a runed translucent gate.
 33634 | D:15     | Noticed Bosh's ghost (journeyman HOFi)
 34144 | D:15     | Reached skill level 1 in Shields
 34304 | D:15     | Found a staircase to the Depths.
 34322 | D:15     | Reached skill level 12 in Armour
 34903 | Spider:1 | Entered Level 1 of the Spider Nest
 35547 | Spider:2 | Reached XP level 16. HP: 143/149 MP: 26/26
 35827 | Spider:2 | Reached skill level 13 in Armour
 36813 | Spider:3 | Reached skill level 5 in Shields
 37659 | Spider:3 | Reached skill level 14 in Armour
 37905 | Spider:4 | Entered Level 4 of the Spider Nest
 38366 | Spider:4 | Noticed Arachne
 38396 | Spider:4 | Killed Arachne
 38997 | Spider:4 | Noticed Nikola
 39021 | Spider:4 | Killed Nikola
 39239 | Spider:4 | Reached XP level 17. HP: 136/156 MP: 0/27
 39267 | Spider:4 | Reached skill level 15 in Armour
 39888 | Spider:4 | Got a gossamer rune of Zot
 39921 | Spider:4 | Identified the +0 pair of boots of the Leaping Gods {rCorr
                  | Str+4}
 40136 | Shoals:1 | Entered Level 1 of the Shoals
 40274 | Shoals:1 | You are sucked into a shaft and drop 1 floor!
 40320 | Shoals:2 | Identified the +0 chain mail of Grace {rF- rN++ SInv}
 41875 | Shoals:3 | Reached skill level 16 in Armour
 42081 | Shoals:3 | Reached skill level 10 in Shapeshifting
 42942 | Shoals:4 | Entered Level 4 of the Shoals
 43004 | Shoals:4 | Noticed Polyphemus
 43024 | Shoals:4 | Killed Polyphemus
 43643 | Shoals:4 | Reached XP level 18. HP: 99/163 MP: 28/28
 43921 | Shoals:4 | Reached skill level 17 in Armour
 44265 | Shoals:4 | Identified the ring "Paissel" {rF+ Int-4 Dex+3}
 44722 | Shoals:4 | Got a barnacled rune of Zot
 45377 | Vaults:1 | Entered Level 1 of the Vaults
 45672 | Vaults:1 | Reached skill level 10 in Shields
 45730 | Vaults:1 | Noticed Zenata
 45778 | D:14     | HP: 4/163 [+2 halberd of freezing[Zenata] (21)]
 45778 | D:14     | Slain by a +2 long sword of freezing

Illustrated notes

Levels and vault maps discovered:
D:1:      lightli_iron_boxes, layout_loops_ring,
          hellmonk_ecumenical_altar_blasted, st_stairs_3
D:2:      layout_basic, basic_altar, serial_glass, glass_columns_b,
          glass_columns_a, minmay_rat_gold_closets
D:3:      layout_loops_corners, mainiacjoe_overflow_alcove_2,
          nicolae_ru_the_path_less_chosen, mainiacjoe_overflow_catwalk,
          serial_shops, shop, uniq_terence, uniq_jessica
D:4:      layout_basic, dancing_weapons_uskayaw, hellmonk_ghost_happy_afterlife,
          minmay_distorted
D:5:      layout_basic, general_overflow_altar, makhleb_grotto_becter,
          amcnicky_altar_gilded, minmay_parallelograms, minmay_holes,
          minmay_lizard_king
D:6:      layout_basic, marbit_many_paths, minmay_temple_entry_waves
D:7:      layout_loops_ring, grunt_dithmenos_smoke, nicolae_overflow_squiral,
          lemuel_coloured_pillars_altar
D:8:      minmay_general_purpose_star, layout_rooms, serial_shops,
          shop_fountains, nicolae_shop_hallway_stairs,
          nicolae_shop_hallway_stairs, shop, uniq_jeremiah
D:9:      layout_rooms, dpeg_oklobed_lair, corexii_leaking_fountain
D:10:     layout_loops_corners, mainiacjoe_overflow_swirl, orc_0_dummy,
          serial_rivers, chequers_serial_rivers_small_b,
          chequers_serial_rivers_small_3, chequers_serial_rivers_micro_e,
          chequers_serial_rivers_room_a, minmay_misc_feat_rugged,
          dreamdust_wishing_well, nicolae_letterblocks [nicolae_letter_subblock,
          nicolae_letter_subblock, nicolae_letter_subblock,
          nicolae_letter_subblock, nicolae_letter_subblock,
          nicolae_letter_subblock, nicolae_letter_subblock,
          nicolae_letter_subblock, nicolae_letter_subblock,
          nicolae_letter_subblock, nicolae_letter_subblock,
          nicolae_letter_subblock, nicolae_letter_subblock,
          nicolae_letter_subblock, nicolae_letter_subblock,
          nicolae_letter_subblock, nicolae_letter_subblock,
          nicolae_letter_subblock, nicolae_letter_subblock,
          nicolae_letter_subblock, nicolae_letter_subblock,
          nicolae_letter_subblock, nicolae_letter_subblock,
          nicolae_letter_subblock, nicolae_letter_subblock], uniq_urug
D:11:     layout_layer_cave, st_stairs_10, uniq_psyche
D:12:     layout_irregular_city, gammafunk_ghost_fury_of_okawaru,
          portal_ice_cave_entry_ice_simulacra
D:13:     layout_stronghold
D:14:     layout_stronghold, grunt_vaults_entry_fortified, lemuel_crystal_altar,
          uniq_nessos, uniq_roxanne, uniq_kirke
D:15:     grunt_enter_depths_magical_seal, layout_stronghold,
          gammafunk_ghost_necromancy, kennysheep_treasure_room
Lair:1:   minmay_lair_oklob_chamber, layout_hall_layers, grunt_megastairs_1,
          serial_bayou_shore_a, infiniplex_staircase_pool_2, uniq_amaemon,
          uniq_maggie
Lair:2:   layout_hall_layers, nicolae_shoals_entry_roost, nzn_sisyphean_effort
Lair:3:   layout_cave_pods, spider_nest_entry_web_field, grunt_megastairs_2
Lair:4:   layout_gridlike, nicolae_slime_entry_slimehenge, basic_altar
Lair:5:   wormcave, layout_small_grid, hangedman_lair_caniforms_friends,
          st_stairs_5
Shoals:1: layout_shoals, nicolae_tricolors
Shoals:2: layout_shoals, hangedman_shoal_volcano
Shoals:3: layout_shoals
Shoals:4: shoals_end_grunt_ice, layout_shoals, nicolae_shoals_lost_giant_temple,
          uniq_polyphemus
Spider:1: layout_spider_delve
Spider:2: layout_spider_delve
Spider:3: nicolae_spider_obnoxious_hallway
Spider:4: grunt_spider_rune_circles, nicolae_spider_twisty_arc_passages,
          uniq_arachne, uniq_nikola
Orc:1:    layout_caves
Orc:2:    pubby_orc_utopia, uniq_erolcha
Vaults:1: nicolae_vaults_heart-shaped_vault, nicolae_vaults_sealed_display,
          v_rooms_6, nicolae_vaults_door_testing_chamber,
          nicolae_vaults_double_plus_1, nicolae_vaults_apartment_1, v_misc_28,
          layout_vaults_big_room, uniq_zenata

Skill      XL: |  1  2  3  4  5  6  7  8  9 10 11 12 13 14 15 16 17 18 |
---------------+-------------------------------------------------------+-----
Maces & Flails | 3 4 5 6 7 9 11 13 15 16 | 16.0
Evocations     | 4 8 |  8.0
Fighting       | 7 12 14 15 | 15.0
Spellcasting   | 3 4 |  4.0
Armour         | 9 12 14 16 17 | 17.7
Shapeshifting  | 4 7 9 10 11 | 11.2
Shields        | 3 6 9 10 | 10.0
Dodging        | |  1.7
Stealth        | |  4.5

Action                     |  1- 3 |  4- 6 |  7- 9 | 10-12 | 13-15 | 16-18 || total
---------------------------+-------+-------+-------+-------+-------+-------++-------
  Melee: Mace              |    43 |       |       |       |       |       ||    43
         Unarmed           |    20 |       |       |       |       |       ||    20
         Punch             |     2 |       |       |       |       |       ||     2
         Short sword       |    68 |    45 |       |       |       |       ||   113
         Dagger            |     1 |       |       |       |       |       ||     1
         War axe           |       |    48 |   198 |     9 |    10 |       ||   265
         Morningstar       |       |       |    99 |   304 |       |       ||   403
         Demon whip        |       |       |       |   450 |  1667 |  1651 ||  3768
   Fire: Sling             |       |    46 |    33 |    67 |   162 |    58 ||   366
  Throw: Dart              |       |     3 |     9 |     9 |     1 |     1 ||    23
         Javelin           |       |       |       |     9 |    12 |       ||    21
         Throwing net      |       |       |       |     1 |       |     2 ||     3
   Cast: Frozen Ramparts   |       |       |       |    10 |     9 |       ||    19
         Call Canine Famil |       |       |       |       |     6 |       ||     6
  Evoke: Wand              |     3 |       |    11 |    16 |     1 |     5 ||    36
    Use: Scroll            |     3 |     1 |    11 |     8 |     7 |     1 ||    31
         Potion            |     1 |     1 |     1 |     2 |       |       ||     5
   Stab: Sleeping          |     8 |       |       |     2 |    16 |       ||    26
         Paralysed         |       |       |    14 |    16 |       |       ||    30
         Held in net/web   |       |       |       |     2 |       |     4 ||     6
         Distracted        |       |       |       |     1 |     2 |       ||     3
 Armour: Leather armour    |    52 |       |       |       |       |       ||    52
         Skin              |    19 |       |       |       |       |       ||    19
         Chain mail        |    26 |    69 |   149 |       |       |       ||   244
         Ring mail         |       |       |    54 |   456 |   664 |       ||  1174
         Gold dragon scale |       |       |       |       |   260 |  1517 ||  1777
  Dodge: Dodged            |    55 |    26 |   109 |   287 |   391 |   280 ||  1148
  Block: Buckler           |    11 |    15 |    45 |    97 |   187 |       ||   355
         Kite shield       |       |       |       |       |    75 |  1139 ||  1214

Table legend: (Time is in decaauts)
 A = Elapsed time spent in this place.
 B = Non-inter-level travel time spent in this place.
 C = Inter-level travel time spent in this place.
 D = Time resting spent in this place.
 E = Time spent auto-exploring this place.
 F = Levels seen in this place.
 G = Mean time per level.
                   A        B        C        D        E       F      G
               +--------+--------+--------+--------+--------+-----+--------+
         Total |  44400 |  41977 |   2423 |   7047 |  23278 |  32 | 1387.5 |
       Dungeon |  19852 |  18570 |   1282 |   2128 |  11636 |  15 | 1323.5 |
          Lair |  11060 |  10462 |    598 |   2900 |   5041 |   5 | 2212.0 |
        Shoals |   4764 |   4503 |    261 |    635 |   2455 |   4 | 1191.0 |
   Spider Nest |   4828 |   4654 |    174 |    969 |   2191 |   4 | 1207.0 |
  Orcish Mines |   2941 |   2835 |    106 |    306 |   1563 |   2 | 1470.5 |
        Vaults |    186 |    186 |      0 |     51 |     12 |   1 |  186.0 |
      Ice Cave |    765 |    765 |      0 |     57 |    380 |   1 |  765.0 |
               +--------+--------+--------+--------+--------+-----+--------+

Top non-repeatable levels by time:
  Lair:5: 2840 daAuts
  Lair:1: 2754 daAuts
   Orc:2: 2258 daAuts
  Lair:4: 2194 daAuts
     D:5: 1870 daAuts
    D:10: 1837 daAuts
Spider:4: 1812 daAuts
  Lair:2: 1707 daAuts
Shoals:4: 1655 daAuts
    D:11: 1646 daAuts
    D:14: 1628 daAuts
  Lair:3: 1563 daAuts
     D:9: 1530 daAuts
     D:3: 1509 daAuts
     D:4: 1494 daAuts
